Map: Emerald City CE

Players

Rico

  • Race: Protoss Protoss
  • Spawn Location: 11:00

RompeAlmas

  • Race: Terran Terran
  • Spawn Location: 11:00

iPlayDefense

  • Race: Terran Terran
  • Spawn Location: 5:00

bufon

  • Race: Protoss Protoss
  • Spawn Location: 5:00

VOD

Have the link to the VOD?

Description

Time

  • Played on: April 11, 2025, 9:19 p.m.
  • Length: 5:25
Show
View Real Time Build Order
Export as new Build Order

Rico Protoss 

Build Orders:  

Get SALT Encoding   

  12  0:01  Probe  
  13  0:18  Probe  
  13  0:20  Pylon  
  13  0:26  Probe  
  15  0:43  Gateway  
  15  0:52  Probe  
  15  0:53  Gateway  
  16  1:00  Probe  
  16  1:02  Assimilator  
  17  1:08  Probe  
  18  1:18  Probe  
  18  1:20  Pylon  
  19  1:34  Zealot  
  21  1:40  Zealot  
  23  1:48  Cybernetics Core  
  23  1:56  Gateway  
  23  2:13  Zealot x2  
  27  2:17  Probe  
  28  2:24  Assimilator  
  28  2:25  Warp Gate, Probe  
  29  2:35  Probe  
  29  2:38  Twilight Council  
  30  2:47  Probe  
  31  2:57  Pylon  
  31  3:12  Stalker x2  
  35  3:34  Nexus  
  31  4:27  Stalker x3  
  37  4:42  Gateway  
  37  4:43  Probe  
  37  4:44  Gateway  
  37  4:48  Gateway  
  37  4:51  Probe  
  38  4:55  Pylon  
  39  5:00  Pylon  
  39  5:01  Probe  
Show
View Real Time Build Order
Export as new Build Order

RompeAlmas Terran 

Build Orders:  

Get SALT Encoding   

  12  2:05  SCV  
  13  2:13  Command Center  
  13  2:17  SCV  
  13  2:19  Refinery  
  14  2:29  Supply Depot, SCV, Refinery  
  15  2:40  Supply Depot  
  15  2:51  SCV  
  16  3:02  Barracks  
  16  3:03  SCV  
  17  3:06  Barracks  
  17  3:15  SCV  
  18  3:27  SCV  
  19  3:39  SCV  
  20  3:51  SCV  
  20  3:53  Barracks Reactor  
  21  4:01  Barracks Tech Lab  
  21  4:03  SCV, Factory  
  22  4:20  Orbital Command  
  22  4:22  Engineering Bay  
  22  4:23  SCV  
  23  4:35  Supply Depot, SCV  
  24  4:44  Marine x3  
  27  4:47  SCV  
  28  4:58  Supply Depot  
  28  4:59  SCV  
  29  5:01  Marine  
  29  5:02  Marine x2, Missile Turret  
  29  5:03  Factory Tech Lab  
  32  5:11  SCV  
  33  5:20  Supply Depot  
Show
View Real Time Build Order
Export as new Build Order

iPlayDefense Terran 

Build Orders:  

Get SALT Encoding   

  12  0:00  SCV  
  13  0:12  SCV  
  14  0:20  Supply Depot  
  14  0:27  Refinery  
  14  0:32  SCV  
  15  0:44  SCV  
  15  0:49  Barracks  
  17  0:57  SCV  
  17  1:10  Supply Depot  
  17  1:37  Barracks  
  17  1:38  Orbital Command  
  17  1:39  Barracks Reactor  
  17  1:42  Engineering Bay  
  17  2:09  Terran Infantry Weapons Level 1  
  17  2:16  Marine x2  
  19  2:26  Barracks Tech Lab  
  19  2:34  Marine x2  
  21  2:46  Command Center  
  21  2:52  Marine x2  
  23  3:05  SCV  
  24  3:10  Supply Depot  
  24  3:17  SCV  
  25  3:29  SCV  
  27  3:41  SCV  
  27  3:53  SCV  
  25  4:04  Marine x3  
  27  4:14  SCV  
  26  4:22  Marine x3  
  29  4:26  SCV  
  29  4:29  Supply Depot  
  30  4:38  SCV  
  30  4:39  Marine  
  30  4:40  Marine x2  
  34  4:51  SCV  
  35  4:57  Marine  
  35  4:58  Marine x2  
  35  4:59  SCV  
  39  5:07  Bunker  
  39  5:11  SCV  
Show
View Real Time Build Order
Export as new Build Order

bufon Protoss 

Build Orders: 1 Gate Expand 

Get SALT Encoding   

  1  0:00  Probe  
  13  0:18  Probe  
  14  0:28  Pylon  
  14  0:30  Assimilator, Probe  
  15  0:52  Gateway  
  15  0:57  Probe  
  16  1:05  Probe  
  17  1:14  Probe  
  18  1:28  Probe  
  19  1:32  Nexus  
  19  1:40  Probe  
  20  1:52  Cybernetics Core, Probe  
  21  2:04  Probe  
  22  2:11  Assimilator  
  22  2:16  Probe  
  22  2:17  Pylon  
  23  2:28  Gateway, Warp Gate  
  23  2:31  Probe  
  24  2:39  Probe  
  24  2:41  Probe  
  25  2:49  Probe  
  26  2:58  Forge  
  27  2:59  Probe  
  27  3:03  Pylon  
  28  3:11  Probe  
  29  3:13  Gateway  
  29  3:21  Probe  
  29  3:23  Twilight Council, Probe  
  31  3:29  Stalker x2, Probe  
  33  3:39  Probe  
  30  3:53  Probe  
  30  4:01  Probe  
  32  4:11  Probe  
  33  4:17  Stalker x2  
  33  4:23  Probe  
  34  4:31  Pylon  
  34  4:35  Probe x2  
  34  4:36  Pylon  
  35  4:43  Probe  
  36  4:47  Probe  
  36  4:51  Stalker  
  40  4:53  Sentry  
  40  4:57  Zealot  
  40  4:59  Probe  
  45  5:04  Probe  
  44  5:11  Probe  
  41  5:20  Stalker  
  41  5:21  Stalker x2  
Tags
 
Add a new tag
Caveats
  • Supply blocks, unpowered buildings, or Contaminate may cause inaccurate times.
  • Supply counts are checked every 10 seconds.